 Dungeon Crawl Stone Soup version 0.29.0-11-gd7f09526c8 (webtiles) character file.

Game seed: 8649229283369622760

45089 sanka the Brawler (level 13, -10/141 HPs)
             Began as a Troll Cinder Acolyte on Sept 2, 2022.
             Was a High Priest of Okawaru.
             Killed from afar by a tengu reaver (45 damage)
             ... with a bolt of fire
             ... on level 11 of the Dungeon.
             The game lasted 00:38:52 (17661 turns).

sanka the Brawler (Troll Cinder Acolyte)           Turns: 17661, Time: 00:38:52

Health: -10/141    AC: 29    Str: 25    XL:     13   Next: 99%
Magic:  13/17      EV:  9    Int: 10    God:    Okawaru [*****.]
Gold:   737        SH:  0    Dex: 12    Spells: 14/14 levels left

rFire   x x .      SeeInvis +   b - +2 war axe (flame)
rCold   + + +      Faith    .   (no shield)
rNeg    + . .      Spirit   .   R - +0 ice dragon scales
rPois   .          Reflect  .   L - +2 hat
rElec   +          Harm     .   E - +3 cloak of the True Pharaoh {rElec rF- rC+ Dex+3}
rCorr   .          Rampage  .   (gloves unavailable)
Will    +....                   (boots unavailable)
Stlth   +.........              J - amulet "Qujafryf" {rN+ Will+ Regen+ SInv}
HPRegen 1.93/turn               v - +4 ring of protection
MPRegen 0.15/turn               r - +4 ring of protection

@: mighty, lethally poisoned (-10 -> -13), heroic, finesse-ful, studying
Conjurations
A: large, unfitting armour, claws 3, regeneration 1, shaggy fur 1, tough skin 1
a: Renounce Religion, Heroism, Finesse, Duel


You were on level 11 of the Dungeon.
You worshipped Okawaru.
Okawaru was extremely pleased with you.
You visited 1 branch of the dungeon, and saw 14 of its levels.
You also visited: Sewer, Gauntlet and Ice Cave.

You collected 1079 gold pieces.
You spent 342 gold pieces at shops.


Innate Abilities, Weirdness & Mutations

You are too large for most types of armour.
You have claws for hands.
Your natural rate of healing is unusually fast.
You are covered in fur. (AC +1)
You have tough skin. (AC +1)


   Skills:
 + Level 12.6(17.6) Fighting
 + Level 5.1(10.1) Armour
 + Level 17.2(22.2) Unarmed Combat
 - Level 1.0 Spellcasting
 - Level 2.1 Fire Magic
 + Level 7.1 Invocations


You had 14 spell levels left.
You didn't know any spells.
Your spell library contained the following spells:

 Spells                   Type           Power      Damage    Failure   Level
 Scorch                   Fire           8%         2d5       45%         2
 Static Discharge         Conj/Air       0%         3-3/arc   77%         2
 Conjure Flame            Conj/Fire      2%         6-21      83%         3
 Dazzling Flash           Conj/Hex       0%         N/A       94%         3
 Gell's Gravitas          Tloc           0%         N/A       94%         3
 Lesser Beckoning         Tloc           0%         N/A       94%         3
 Teleport Other           Tloc           0%         N/A       94%         3
 Flame Wave               Conj/Fire      2%         2d4       99%         4
 Sticky Flame             Conj/Fire      2%         2d3       99%         4
 Airstrike                Air            0%         2d(0-16)  100%        4
 Dispel Undead            Necr           0%         3d6       100%        4
 Hailstorm                Conj/Ice       0%         3d3       100%        4
 Ice Form                 Ice/Tmut       0%         N/A       100%        4
 Olgreb's Toxic Radiance  Pois           0%         N/A       100%        4
 Blade Hands              Tmut           0%         N/A       100%        5
 Conjure Ball Lightning   Conj/Air       0%         3x3d6     100%        6
 Dispersal                Tloc           0%         N/A       100%        6
 Iron Shot                Conj/Erth      0%         9d1       100%        6
 Ozocubu's Refrigeration  Ice            0%         4d7       100%        7
 Discord                  Hex            0%         N/A       100%        8
 Disjunction              Tloc           0%         N/A       100%        8
 Ignition                 Fire           2%         3d3       100%        8
 Summon Small Mammal      Summ           Unusable   N/A       N/A         1
 Call Canine Familiar     Summ           Unusable   N/A       N/A         3
 Summon Guardian Golem    Hex/Summ       Unusable   N/A       N/A         3
 Animate Armour           Summ/Erth      Unusable   N/A       N/A         4
 Summon Ice Beast         Ice/Summ       Unusable   N/A       N/A         4
 Summon Mana Viper        Hex/Summ       Unusable   N/A       N/A         5
 Simulacrum               Ice/Necr       Unusable   N/A       N/A         6
 Malign Gateway           Summ/Tloc      Unusable   N/A       N/A         7
 Monstrous Menagerie      Summ           Unusable   N/A       N/A         7
 Summon Horrible Things   Summ           Unusable   N/A       N/A         8

Inventory:

Hand Weapons
 b - a +2 war axe of flaming (weapon)
Missiles
 a - 7 silver javelins (quivered)
 o - 4 curare-tipped darts {=f}
Armour
 g - the +2 cloak of the Thief {*Fog Slay-2 SInv Stlth+}

   It may release a thick cloud of smoke when the wearer is hurt.
   Slay:      It affects your accuracy & damage with ranged weapons and melee
   (-2).
   SInv:      It lets you see invisible.
   Stlth:     It makes you more stealthy.
 z - a +0 troll leather armour {Pargi}
 E - the +3 cloak of the True Pharaoh (worn) {rElec rF- rC+ Dex+3}

   Dex:       It affects your dexterity (+3).
   rF:        It makes you vulnerable to fire.
   rC:        It protects you from cold.
   rElec:     It insulates you from electricity.
 L - a +2 hat (worn)
 R - +0 ice dragon scales (worn)
 T - a +0 cloak
 V - +0 acid dragon scales
Magical Staves
 F - a staff of cold
 N - a staff of poison
Jewellery
 r - a +4 ring of protection (right claw)
 t - a ring of poison resistance
 v - a +4 ring of protection (left claw)
 J - the amulet "Qujafryf" (around neck) {rN+ Will+ Regen+ SInv}

   [amulet of regeneration]

   rN:        It protects you from negative energy.
   SInv:      It lets you see invisible.
   Regen:     It increases your rate of health regeneration.
   Will:      It increases your willpower.
 K - the amulet of Qeodorag {Spirit rElec rC+ Dex-5}

   [amulet of guardian spirit]

   It causes incoming damage to be divided between your reserves of health and
   magic.
   Dex:       It affects your dexterity (-5).
   rC:        It protects you from cold.
   rElec:     It insulates you from electricity.
 M - a +6 ring of strength
 X - a ring of ice
Wands
 c - a wand of quicksilver (7)
 s - a wand of iceblast (21)
 w - a wand of charming (1)
 G - a wand of flame (14)
 Q - a wand of digging (8)
Scrolls
 f - 3 scrolls of vulnerability {!r}
 h - a scroll of enchant armour
 i - a scroll of immolation {!r}
 k - 2 scrolls of blinking
 n - 3 scrolls of fear
 p - 2 scrolls of torment {!r}
 y - a scroll of magic mapping
 H - a scroll of poison {!r}
 O - a scroll of summoning {unknown}
 U - 12 scrolls of teleportation {@r4}
Potions
 d - 2 potions of ambrosia
 e - 3 potions of haste {@q3}
 j - 4 potions of curing {@q1}
 l - 2 potions of heal wounds {@q2}
 m - 2 potions of might
 q - a potion of cancellation {unknown}
 u - a potion of berserk rage {!q}
 x - 4 potions of flight
 A - 2 potions of brilliance
 B - 5 potions of mutation {!q}
 D - 2 potions of attraction {!q}
 I - 2 potions of lignification {unknown}
Miscellaneous
 C - a box of beasts
 P - a condenser vane
 S - a phial of floods
 W - a tin of tremorstones (2/2)

Dungeon Overview and Level Annotations

Branches:
Dungeon (14/15)            Temple (0/1) D:4            Lair (0/5) D:9
    Orc (0/2) D:9          Vaults (0/5) D:14          Sewer (visited)
  IceCv (visited)         Gauntlet (visited)

Altars:
Ashenzari
Cheibriados
Dithmenos
Elyvilon
Hepliaklqana
Kikubaaqudgha
Makhleb
Nemelex Xobeh
Okawaru
Qazlal
Ru
Sif Muna
Trog
Yredelemnul
Zin
The Shining One

Shops:
D:6 *   D:8 =**   D:11 [

Annotations:
D:14 2 transporters, Jiolyugh's ghost, journeyman GrEE

▒ ▒.▒ ▒.▒ ▒.▒ ▒ ▒.▒ ▒.▒ ▒.▒
▒▒▒▒▒▒▒.▒▒▒▒▒▒▒▒▒▒▒[▒▒▒▒▒▒▒▒▒.▒▒▒
.................................
▒.▒▒▒▒▒▒.▒▒▒▒▒▒▒.▒▒▒▒▒.▒▒▒▒▒.▒▒▒▒
▒.▒ ▒.▒ ▒.▒▒▒▒▒.▒ ▒.▒ ▒.▒ ▒.▒
▒▒▒▒▒▒)"▒▒.▒ ▒.▒ ▒.▒ ▒.▒
▒...▒▒We[▒.▒ ▒.▒
▒.▒▒▒▒▒▒.▒▒▒▒.▒▒T▒HCW▒.▒▒▒▒▒.▒▒▒▒
............▒.▒▒▒Q▒▒▒▒...........
.▒▒▒▒▒▒▒.▒▒▒▒▒.▒▒▒.▒▒▒▒▒▒▒▒▒▒.▒▒▒
.▒ ▒.▒▒▒▒...▒▒▒.▒ ▒.▒ .▒
▒.▒▒...▒..▒▒.▒ ▒.▒ .▒
▒.▒▒.▒...▒...▒ ▒.▒
.▒▒▒▒▒▒▒.▒▒.▒▒▒▒▒▒▒▒▒▒▒▒▒▒▒▒▒.▒▒▒
.................................
........▒▒▒▒▒.▒▒▒▒▒...)..........


You could see a frost giant, a sphinx, a tengu reaver, a flayed ghost, a
phantasmal warrior and a deep elf zephyrmancer.


Message History

You burn the stone giant. Your claw misses the stone giant.
The stone giant is almost dead.
The stone giant barely misses you.
You feel very mighty all of a sudden. The stone giant hits you.
* * * LOW HITPOINT WARNING * * *
Unknown command.
You completely miss the stone giant. You claw the stone giant.
The stone giant is almost dead.
The stone giant hits you!
* * * LOW HITPOINT WARNING * * *
You slash the stone giant! You burn the stone giant.
You kill the stone giant!
Okawaru accepts your kill.
You slash the tengu reaver! You burn the tengu reaver.
The tengu reaver is lightly wounded.
The tengu reaver hits you with a +8 war axe of venom!
* * * LOW HITPOINT WARNING * * *
You are poisoned.
The tengu reaver barely misses you.
The tengu reaver claws you but does no damage.
You feel very sick.
The tengu reaver gestures at you while chanting.
The bolt of fire hits you!!! The fire burns you terribly!
You die...

Action                   |  1- 3 |  4- 6 |  7- 9 | 10-12 | 13-15 || total
-------------------------+-------+-------+-------+-------+-------++-------
Melee: Unarmed           |   130 |   135 |   314 |   514 |   170 ||  1263
       Punch             |     3 |     1 |     6 |    40 |    27 ||    77
       War axe           |       |       |       |       |    73 ||    73
Throw: Javelin           |       |       |       |     4 |     5 ||     9
Invok: Fiery Armour      |       |     1 |     1 |     1 |       ||     3
       Heroism           |       |       |       |    22 |    15 ||    37
       Finesse           |       |       |       |       |     1 ||     1
Evoke: Box of beasts     |       |       |     1 |       |       ||     1
       Wand              |       |       |     9 |     7 |       ||    16
  Use: Scroll            |       |       |    12 |     9 |     4 ||    25
       Potion            |       |       |       |     5 |     5 ||    10
 Stab: Distracted        |       |       |       |     1 |       ||     1
       Sleeping          |       |       |       |       |     1 ||     1
Armor: Robe              |    43 |    28 |    72 |       |       ||   143
       Troll leather arm |       |       |    69 |   300 |       ||   369
       Ice dragon scales |       |       |       |    19 |   186 ||   205
       Acid dragon scale |       |       |       |       |    32 ||    32
Dodge: Dodged            |    53 |    40 |   107 |   217 |   106 ||   523

Levels and vault maps discovered:
D:1:      lemuel_arrival_lava_pool, layout_loops_corners, minmay_split_cup_large
D:2:      minmay_evil_eye, layout_loops_ring,
          dreamdust_ecumenical_altar_drowned_temple, serial_bayou_crossing,
          uniq_robin, uniq_natasha
D:3:      layout_loops_ring, mainiacjoe_overflow_catwalk, uniq_sigmund
D:4:      layout_loops_ring, lemuel_round_altar, nicolae_dithmenos_the_darkroom,
          ashenzari_altar_1, minmay_temple_entry_antechambers,
          roderic_lattice_a, uniq_blork_the_orc, uniq_pikel
D:5:      layout_basic, nicolae_ru_the_path_less_chosen
D:6:      nicolae_cairo_tiling_large, layout_basic,
          mainiacjoe_overflow_surrounded_room, old_standard_altar,
          gup_sewer_entry_pipe, serial_shops, nicolae_take_the_stairs,
          uniq_duvessa
D:7:      layout_basic, good_gods_temple_1, mainiacjoe_overflow_alcove_4,
          trog_book, mainiacjoe_overflow_divided_tiny
D:8:      layout_cave_pools, mainiacjoe_overflow_brackets, serial_shops,
          nicolae_shop_trees, shop_fountains, shop, grunt_decor_clamped
D:9:      layout_loops_ring, bloody_makhleb, dpeg_oklobed_lair,
          zombieorc2_lemuel, nicolae_benzene_ring, minmay_parallelograms,
          hangedman_decor_slide_cut
D:10:     layout_layer_cave, hangedman_abyss_or_decor_stagger
D:11:     minmay_gate_of_8, layout_small_grid, gauntlet_entry_generic,
          minmay_misc_feat_four_crosses, nicolae_barding_shop
D:12:     layout_roguey
D:13:     kennysheep_scales, layout_cave_pools, kiku_gazebo_pond_becter
D:14:     layout_roguey, david_vaults_5, portal_ice_cave_entry_pillars_four,
          minmay_misc_feat_enclosed, gammafunk_ghost_smash, uniq_agnes,
          uniq_nessos, uniq_kirke

Notes
Turn   | Place    | Note
-------+----------+-------------------------------------------
     0 | D:1      | sanka the Troll Cinder Acolyte began the quest for the Orb.
     0 | D:1      | Reached XP level 1. HP: 22/22 MP: 1/1
   212 | D:1      | Reached XP level 2. HP: 24/29 MP: 2/2
   802 | D:1      | Reached skill level 4 in Unarmed Combat
  1008 | D:2      | Reached XP level 3. HP: 17/36 MP: 3/3
  1160 | D:2      | Noticed Robin
  1171 | D:2      | Killed Robin
  1175 | D:2      | Reached XP level 4. HP: 18/44 MP: 4/4
  1190 | D:2      | Reached skill level 5 in Unarmed Combat
  1534 | D:2      | Found a faded altar of an unknown god.
  1571 | D:2      | Noticed Natasha
  1579 | D:2      | Killed Natasha
  1705 | D:2      | Noticed Natasha
  1721 | D:2      | Killed Natasha
  1722 | D:2      | Reached XP level 5. HP: 22/50 MP: 5/5
  1889 | D:2      | Found a faded altar of an unknown god.
  2775 | D:2      | Noticed Natasha
  2777 | D:2      | Killed Natasha
  2778 | D:2      | Reached skill level 6 in Unarmed Combat
  2837 | D:3      | Noticed Sigmund
  2844 | D:3      | Killed Sigmund
  2845 | D:3      | Reached skill level 7 in Unarmed Combat
  2845 | D:3      | Reached XP level 6. HP: 56/59 MP: 6/6
  2964 | D:3      | Found a snail-covered altar of Cheibriados.
  3596 | D:4      | Found a shadowy altar of Dithmenos.
  3713 | D:4      | Noticed Blork the orc
  3727 | D:4      | Killed Blork the orc
  3728 | D:4      | Reached skill level 8 in Unarmed Combat
  3728 | D:4      | Reached XP level 7. HP: 13/66 MP: 7/7
  3819 | D:4      | Found an iron altar of Okawaru.
  3914 | D:4      | Found a staircase to the Ecumenical Temple.
  4461 | D:4      | Found a broken altar of Ashenzari.
  4708 | D:4      | Found a shadowy altar of Dithmenos.
  4864 | D:4      | Noticed Pikel
  4886 | D:4      | Killed Pikel
  4887 | D:4      | Reached skill level 9 in Unarmed Combat
  4887 | D:4      | Reached XP level 8. HP: 66/74 MP: 8/8
  4921 | D:4      | Found a broken altar of Ashenzari.
  5256 | D:4      | Found a staircase to the Ecumenical Temple.
  5433 | D:5      | Entered Level 5 of the Dungeon
  5596 | D:5      | Reached skill level 10 in Unarmed Combat
  6137 | D:5      | Found a sacrificial altar of Ru.
  6432 | D:6      | Reached skill level 3 in Fighting
  6432 | D:6      | Reached skill level 1 in Invocations
  6601 | D:6      | Killed an unseen horror
  6602 | D:6      | Reached skill level 2 in Invocations
  6708 | D:6      | Found a glowing drain.
  6721 | Sewer    | Entered a sewer
  6724 | Sewer    | Noticed Pargi
  6728 | Sewer    | Killed Pargi
  6818 | Sewer    | Reached skill level 4 in Fighting
  6933 | D:6      | Found a stormy altar of Qazlal.
  6986 | D:6      | Reached skill level 3 in Invocations
  7003 | D:6      | Reached XP level 9. HP: 77/82 MP: 10/10
  7040 | D:6      | Found a basalt altar of Yredelemnul.
  7091 | D:6      | Noticed Duvessa
  7091 | D:6      | Noticed Dowan
  7099 | D:6      | Killed Duvessa
  7103 | D:6      | Killed Dowan
  7191 | D:6      | Found Kigamowk's Assorted Antiques.
  7305 | D:6      | Reached skill level 11 in Unarmed Combat
  7568 | D:7      | Reached skill level 4 in Invocations
  7630 | D:7      | Found a hazy altar of Hepliaklqana.
  7630 | D:7      | Found a shimmering blue altar of Sif Muna.
  7842 | D:7      | Reached skill level 5 in Fighting
  7878 | D:7      | Found a glowing golden altar of the Shining One.
  7878 | D:7      | Found a white marble altar of Elyvilon.
  7879 | D:7      | Found a glowing silver altar of Zin.
  7925 | D:7      | Found an ancient bone altar of Kikubaaqudgha.
  8110 | D:7      | Found a bloodstained altar of Trog.
  8378 | D:8      | Found Ryhishez's Jewellery Shop.
  8435 | D:8      | Found a sparkling altar of Nemelex Xobeh.
  8487 | D:8      | Got Sif Muna's Cyclopedia of Vapourous Outbursts
  8545 | D:8      | Found Hipnefid's General Store.
  8574 | D:8      | Found Zeban's General Store.
  8585 | D:8      | Reached skill level 6 in Fighting
  8587 | D:8      | Bought a potion of heal wounds for 60 gold pieces
  8587 | D:8      | Bought a potion of haste for 120 gold pieces
  8587 | D:8      | Bought a scroll of blinking for 90 gold pieces
  8775 | D:8      | Bought a scroll of teleportation for 36 gold pieces
  8775 | D:8      | Bought a scroll of teleportation for 36 gold pieces
  8803 | D:9      | Reached skill level 12 in Unarmed Combat
  8850 | D:9      | Reached XP level 10. HP: 100/100 MP: 12/12
  9010 | D:9      | Found a burning altar of Makhleb.
  9052 | D:9      | Identified the +1 ring mail "Oloxzac" {rC+}
  9110 | D:9      | Found a staircase to the Orcish Mines.
  9182 | D:9      | Found a staircase to the Lair.
  9215 | D:9      | Reached skill level 7 in Fighting
  9985 | D:4      | Fell from the grace of Ignis
  9985 | D:4      | Became a worshipper of Warmaster Okawaru
 10137 | D:10     | Entered Level 10 of the Dungeon
 10335 | D:10     | Noticed a two-headed ogre
 10350 | D:9      | Killed a two-headed ogre
 10350 | D:9      | Reached * piety under Okawaru
 10351 | D:9      | Reached skill level 13 in Unarmed Combat
 10578 | D:10     | Reached skill level 8 in Fighting
 11338 | D:11     | Found a gate leading to a gauntlet.
 11347 | Gauntlet | Entered a Gauntlet
 11347 | Gauntlet | Found a transporter.
 11347 | Gauntlet | Found a transporter.
 11361 | Gauntlet | Found a transporter.
 11371 | Gauntlet | Found a transporter.
 11386 | Gauntlet | Found a transporter.
 11388 | Gauntlet | Found a large runed translucent door.
 11389 | Gauntlet | Found a large runed translucent door.
 11390 | Gauntlet | Found a large runed translucent door.
 11390 | Gauntlet | Found a large runed translucent door.
 11390 | Gauntlet | Found a runed translucent door.
 11390 | Gauntlet | Found a runed translucent door.
 11391 | Gauntlet | Found a large runed translucent door.
 11392 | Gauntlet | Found a large runed translucent door.
 11393 | Gauntlet | Found a large runed translucent door.
 11393 | Gauntlet | Found a large runed translucent door.
 11394 | Gauntlet | Found a runed translucent gate.
 11394 | Gauntlet | Found a runed translucent gate.
 11394 | Gauntlet | Found a runed translucent gate.
 11396 | Gauntlet | Found a transporter.
 11405 | Gauntlet | Found a large runed translucent door.
 11405 | Gauntlet | Found a large runed translucent door.
 11406 | Gauntlet | Found a large runed translucent door.
 11407 | Gauntlet | Found a large runed translucent door.
 11411 | Gauntlet | Found a transporter.
 11417 | Gauntlet | Found a transporter.
 11430 | Gauntlet | Noticed an elephant
 11431 | Gauntlet | Noticed an elephant
 11439 | Gauntlet | Found a transporter.
 11450 | Gauntlet | Found a large runed translucent door.
 11451 | Gauntlet | Found a large runed translucent door.
 11452 | Gauntlet | Found a large runed translucent door.
 11452 | Gauntlet | Found a large runed translucent door.
 11464 | Gauntlet | Found a transporter.
 11464 | Gauntlet | Found a transporter.
 11465 | Gauntlet | Found a transporter.
 11466 | Gauntlet | Found the ring of the Mage {Wiz Archmagi}
 11467 | Gauntlet | Noticed an elephant
 11468 | Gauntlet | Noticed a dire elephant
 11611 | Gauntlet | Identified the amulet "Qujafryf" {rN+ Will+ Regen+ SInv}
 11673 | Gauntlet | Identified the amulet of Qeodorag {Spirit rElec rC+ Dex-5}
 11736 | Gauntlet | Reached ** piety under Okawaru
 11737 | Gauntlet | Reached XP level 11. HP: 96/113 MP: 11/13
 12074 | Gauntlet | Identified the +5 flail "Kozufedd" {freeze, rCorr Str+4
                  | Dex+2}
 12278 | Gauntlet | Noticed a minotaur
 12285 | Gauntlet | Killed a minotaur
 12370 | Gauntlet | Identified a scroll of acquirement
 12371 | Gauntlet | Acquired the +2 cloak of the Thief {*Fog Slay-2 SInv
                  | Stlth+}
 12371 | Gauntlet | Found the +2 cloak of the Thief {*Fog Slay-2 SInv Stlth+}
 12441 | D:11     | Reached skill level 9 in Fighting
 12441 | D:11     | Reached skill level 14 in Unarmed Combat
 12513 | D:13     | Noticed a centaur warrior
 12527 | D:13     | Killed a centaur warrior
 12527 | D:13     | Reached *** piety under Okawaru
 12739 | D:13     | Found an ancient bone altar of Kikubaaqudgha.
 12903 | D:14     | Noticed a centaur warrior
 12925 | D:14     | Killed a centaur warrior
 12945 | D:14     | Found a frozen archway.
 12950 | IceCv    | Entered an ice cave
 12950 | IceCv    | Noticed a white ugly thing
 12958 | IceCv    | Killed a white ugly thing
 12958 | IceCv    | Reached **** piety under Okawaru
 12960 | IceCv    | Reached skill level 10 in Fighting
 12976 | IceCv    | Noticed a white ugly thing
 12977 | IceCv    | Noticed an ice dragon
 12977 | IceCv    | Noticed a white ugly thing
 12993 | IceCv    | Killed a white ugly thing
 12994 | IceCv    | Reached skill level 15 in Unarmed Combat
 12998 | IceCv    | Killed an ice dragon
 13001 | IceCv    | Killed a white ugly thing
 13005 | IceCv    | Reached XP level 12. HP: 127/127 MP: 9/14
 13006 | IceCv    | Noticed an ironbound frostheart
 13008 | IceCv    | Reached ***** piety under Okawaru
 13014 | IceCv    | Killed an ironbound frostheart
 13018 | IceCv    | Noticed an ice dragon
 13031 | IceCv    | Was forgiven by Ignis
 13036 | IceCv    | Killed an ice dragon
 13120 | IceCv    | Noticed an ice dragon
 13142 | IceCv    | Killed an ice dragon
 13142 | IceCv    | Received a gift from Okawaru
 13191 | IceCv    | Noticed an ice dragon
 13315 | IceCv    | Noticed an ironbound frostheart
 13329 | IceCv    | Killed an ironbound frostheart
 13336 | IceCv    | Reached skill level 11 in Fighting
 13337 | IceCv    | Noticed a white draconian
 13344 | IceCv    | Killed a white draconian
 13553 | IceCv    | Reached skill level 16 in Unarmed Combat
 13583 | IceCv    | Noticed an ice dragon
 13601 | IceCv    | Killed an ice dragon
 13620 | IceCv    | Noticed an ironbound frostheart
 13637 | IceCv    | Noticed an ice dragon
 13651 | IceCv    | Killed an ice dragon
 13651 | IceCv    | Identified +0 ice dragon scales
 13683 | IceCv    | Killed an ironbound frostheart
 13738 | IceCv    | Noticed an ironbound frostheart
 13774 | IceCv    | Killed an ironbound frostheart
 13775 | IceCv    | Reached skill level 1 in Armour
 13827 | IceCv    | Noticed an ironbound frostheart
 13827 | IceCv    | Noticed a frost giant
 13827 | IceCv    | Noticed a frost giant
 13827 | IceCv    | Noticed an ice dragon
 13870 | IceCv    | Received a gift from Okawaru
 13878 | IceCv    | Killed a frost giant
 13884 | IceCv    | Killed a frost giant
 13885 | IceCv    | Reached skill level 2 in Armour
 13931 | IceCv    | Killed an ironbound frostheart
 13932 | IceCv    | Reached XP level 13. HP: 110/139 MP: 9/15
 13985 | IceCv    | Identified +0 ice dragon scales
 13986 | IceCv    | Reached skill level 5 in Invocations
 14829 | D:14     | Noticed Nessos
 14855 | D:14     | Killed Nessos
 14856 | D:14     | Reached skill level 3 in Armour
 14898 | D:14     | Reached skill level 12 in Fighting
 15026 | D:14     | Noticed a green very ugly thing
 15034 | D:14     | Killed a green very ugly thing
 15210 | D:14     | Noticed an ettin
 15211 | D:14     | Found a transporter.
 15211 | D:14     | Noticed Jiolyugh's ghost (journeyman GrEE)
 15224 | D:14     | Noticed Agnes
 15234 | D:14     | Killed Agnes
 15235 | D:14     | Reached skill level 6 in Invocations
 15292 | D:14     | Noticed Kirke
 15299 | D:14     | Reached skill level 4 in Armour
 15307 | D:14     | Killed Kirke
 15336 | D:14     | Identified the +6 great mace "sanka's Bane" {flame, rN+
                  | Str-3 Int+4 Dex+3}
 15336 | D:14     | Noticed a fire giant
 15339 | D:14     | Found a transporter.
 15438 | D:14     | Found a gate to the Vaults.
 15577 | D:13     | Noticed an orc warlord
 15589 | D:13     | Killed an orc warlord
 15589 | D:13     | Reached ****** piety under Okawaru
 15690 | D:13     | Reached skill level 17 in Unarmed Combat
 15997 | D:12     | Identified the +3 cloak of the True Pharaoh {rElec rF- rC+
                  | Dex+3}
 16116 | D:12     | Identified the +0 robe of Waumigg {rCorr Int+3} (Okawaru
                  | gifted it to you on level 12 of the Dungeon)
 16116 | D:12     | Received a gift from Okawaru
 16385 | D:12     | Identified +0 acid dragon scales
 16462 | D:12     | Identified the +1 robe of the Apricot {rPois}
 16836 | D:11     | Found Sibo's Specialty Armours.
 16950 | D:11     | Noticed a stone giant
 16950 | D:11     | Noticed a stone giant
 16951 | D:11     | Noticed a frost giant
 16951 | D:11     | Found a runed translucent door.
 16953 | D:11     | Noticed a tengu reaver
 16953 | D:11     | Noticed a sphinx
 16996 | D:11     | HP: 7/141 [gargoyle/+0 morningstar (14)]
 17256 | D:11     | Reached skill level 5 in Armour
 17415 | D:11     | Reached skill level 7 in Invocations
 17647 | D:11     | Killed a stone giant
 17659 | D:11     | Killed a stone giant
 17661 | D:11     | Killed from afar by a tengu reaver

Vanquished Creatures
  Agnes (D:14)
  Kirke (D:14)
  2 frost giants (IceCv)
  An orc warlord (D:13)
  A very ugly thing (D:14)
  2 stone giants (D:11)
  Nessos (D:14)
  A minotaur (Gauntlet)
  A white draconian (IceCv)
  A boulder beetle (D:12)
  6 ice dragons (IceCv)
  A vault guard (D:14)
  2 hydras
  6 ironbound frosthearts (IceCv)
  2 centaur warriors
  2 two-headed ogres
  An orange crystal statue (IceCv)
  Pikel (D:4)
  A deep elf pyromancer (D:14)
  2 cyclopes
  4 manticores
  11 ugly things
  2 gargoyles (D:11)
  A komodo dragon (D:12)
  A kobold demonologist (D:11)
  An efreet (D:13)
  3 unseen horrors
  A tengu conjurer (D:14)
  10 rime drakes (IceCv)
  An ice devil (Gauntlet)
  3 trolls
  7 polar bears (IceCv)
  2 slime creatures (Gauntlet)
  Sigmund (D:3)
  4 flying skulls (Gauntlet)
  5 wraiths
  A shadow (D:9)
  A vampire (D:12)
  A steam dragon (D:10)
  2 humans (D:14)
  4 yaks (D:10)
  17 fire elementals
  3 vampire mosquitoes
  A neqoxec (Gauntlet)
  5 hogs (D:14)
  2 chaos spawn (Gauntlet)
  A two-headed ogre zombie (D:9)
  An acid dragon (D:12)
  Duvessa (D:6)
  A water moccasin (D:7)
  Pargi (Sewer)
  2 black bears
  7 orc warriors
  2 ice beasts
  A lemure (D:4)
  4 centaurs
  A phantom (D:9)
  Blork the orc (D:4)
  4 kobold brigands
  6 bullfrogs
  2 necrophages
  A scorpion (D:6)
  5 wights
  Dowan (D:6)
  2 troll zombies (D:9)
  7 killer bees
  3 howler monkeys
  A lava snake (D:13)
  A gnoll bouda (D:8)
  5 orc priests
  2 hounds (D:7)
  4 jellies
  An iguana (D:5)
  Natasha (thrice) (D:2)
  10 orc wizards
  5 ogre zombies (D:9)
  Robin (D:2)
  6 gnolls (D:8)
  5 adders
  A shadow imp (D:8)
  2 white imps (Gauntlet)
  2 ufetubi
  2 worms (D:2)
  2 dart slugs
  29 orcs
  6 ball pythons
  5 endoplasms
  6 giant cockroaches
  4 hobgoblins
  9 jackals
  6 quokkas
  2 bats
  5 frilled lizards
  17 goblins
  A goblin skeleton (D:9)
  3 goblin zombies (D:9)
  A hobgoblin skeleton (D:9)
  A hobgoblin zombie (D:9)
  18 kobolds
  2 orc skeletons (D:9)
  17 orc zombies (D:9)
  7 rats
  A spectral goblin (D:2)
  A fire vortex (D:13)
378 creatures vanquished.

Vanquished Creatures (collateral kills)
  A gnoll sergeant (D:8)
  2 wights (D:6)
  2 killer bees (D:7)
  A gnoll (D:8)
6 creatures vanquished.

Vanquished Creatures (others)
  3 killer bees
  16 demonic plants (Gauntlet)
  2 fungi (D:9)
  23 plants
44 creatures vanquished.

Grand Total: 428 creatures vanquished
